 Dungeon Crawl Stone Soup version 0.20.1-1-g8b1a95d (webtiles) character file.

1027 Lanoc the Conjurer (level 7, -12/50 HPs)
             Began as a Demigod Conjurer on Dec 1, 2017.
             Mangled by Duvessa
             ... wielding a +0 short sword
              (16 damage)
             ... on level 5 of the Dungeon.
             The game lasted 00:18:47 (4784 turns).

Lanoc the Conjurer (Demigod Conjurer)               Turns: 4784, Time: 00:18:48

Health: -12/50     AC:  6    Str: 11    XL:     7   Next: 72%
Magic:  9/18       EV: 14    Int: 23    God:
Gold:   284        SH:  0    Dex: 16    Spells: 9/16 levels left

rFire    . . .     SeeInvis .   m - +4 quarterstaff (chaos)
rCold    . . .     Gourm    .   (shield currently unavailable)
rNeg     . . .     Faith    .   q - +2 robe
rPois    .         Spirit   .   (no helmet)
rElec    .         Reflect  .   h - +0 cloak
rCorr    .         Harm     .   (no gloves)
MR       .....                  j - +0 pair of boots
Stlth    ++........             (no amulet)
Regen    0.2/turn               (no ring)
MPRegen  0.2/turn               (no ring)

@: no status effects
A: high mp 1
a: no special abilities


You were on level 5 of the Dungeon.
You were not hungry.

You visited 1 branch of the dungeon, and saw 5 of its levels.

You collected 284 gold pieces.

Inventory:

Hand Weapons
 i - a +0 rapier of flaming
 m - a +4 quarterstaff of chaos (weapon)
Armour
 h - a +0 cloak (worn)
 j - a +0 pair of boots (worn)
 o - a +0 large shield
 q - a +2 robe (worn)
Wands
 s - a wand of clouds (6/9)
Scrolls
 a - 6 scrolls of identify
 r - a scroll of remove curse
 t - a scroll of magic mapping
 v - a scroll of immolation {unknown}
Potions
 e - a potion of brilliance {unknown}
 g - 4 potions of curing {unknown}
 k - 2 potions of flight
 l - a potion of resistance {unknown}
 n - a potion of degeneration {unknown}
Books
 b - a book of Conjurations

   Spells                             Type                      Level
   a - Magic Dart                     Conjuration                  1
   b - Searing Ray                    Conjuration                  2
   c - Dazzling Spray                 Conjuration/Hexes            3
   d - Fulminant Prism                Conjuration/Hexes            4
   e - Force Lance                    Conjuration/Translocation    4
   f - Iskenderun's Mystic Blast      Conjuration                  4
 u - a book of Air

   Spells                             Type                      Level
   a - Shock                          Conjuration/Air              1
   b - Swiftness                      Charms/Air                   2
   c - Static Discharge               Conjuration/Air              3
   d - Airstrike                      Air                          4
   e - Lightning Bolt                 Conjuration/Air              5
Comestibles
 c - 4 bread rations
 f - 3 meat rations
 p - a fruit


   Skills:
 + Level 4.1 Dodging
 - Level 1.7 Stealth
 * Level 5.0 Spellcasting
 * Level 6.6 Conjurations


You had 9 spell levels left.
You knew the following spells:

 Your Spells              Type           Power        Failure   Level  Hunger
a - Magic Dart            Conj           ####         1%          1    None
b - Searing Ray           Conj           #####.       1%          2    None
c - Force Lance           Conj/Tloc      ###.....     24%         4    ####...


Dungeon Overview and Level Annotations

Branches:
Dungeon (5/15)
 Temple: D:4-7

Annotations:
D:5 Duvessa


Innate Abilities, Weirdness & Mutations

You have an increased reservoir of magic. (+10% MP)


Message History

Duvessa is moderately wounded.
Duvessa hits you with a short sword! Duvessa hits you but does no damage.
The searing ray hits Duvessa.
Duvessa is moderately wounded.
Duvessa hits you with a short sword!
The searing ray hits Duvessa.
Duvessa is heavily wounded.
You finish channeling your searing ray.
Duvessa barely misses you. x2
You barely miss Duvessa.
Duvessa is heavily wounded.
Duvessa hits you with a short sword!
* * * LOW HITPOINT WARNING * * *
Duvessa closely misses you.
You hit Duvessa.
Duvessa is severely wounded.
Duvessa hits you but does no damage. Duvessa hits you with a short sword!
* * * LOW HITPOINT WARNING * * *
Okay, then.
Duvessa hits you with a short sword!
You die...

..# .# ........# ##..
..####..# ##. ........#
##. .......####..
.....#..## ###..
))......##...
..#####..#####.##.
.)####....... ##
##.##...#### ..#
#...... ##....### ..##
.......### ##....##
#.<#
.........######...#..#
#..#
....)....e@.....####.##
##.# .#..##..###....##
#..# #.# ##.# ##..##
##.## ##. #.# ....#
#...## . #......##
##....# #. #...####
#...#.# #.## #.###.#
### ### ###


You could see Duvessa (berserk).

Vanquished Creatures
  Sigmund (D:4)
  An ogre (D:4)
  A gnoll sergeant (D:5)
  A scorpion (D:4)
  Dowan (D:5)
  A bullfrog zombie (D:5)
  A centaur zombie (D:5)
  A hound (D:5)
  Crazy Yiuf (D:2)
  3 orc priests (D:5)
  A gnoll shaman (D:5)
  Terence (D:2)
  An orc wizard (D:5)
  A worker ant (D:4)
  A howler monkey zombie (D:5)
  11 adders
  10 gnolls
  A river rat (D:3)
  An ooze (D:2)
  5 worms
  A dart slug (D:3)
  3 leopard geckos (D:2)
  5 orcs
  A ball python (D:2)
  5 giant cockroaches
  8 goblins
  12 hobgoblins
  8 jackals
  2 quokkas
  A ball python zombie (D:5)
  5 bats
  5 frilled lizards
  A jackal zombie (D:5)
  6 kobolds
  7 rats
115 creatures vanquished.

Vanquished Creatures (others)
  A human (D:3)
1 creature vanquished.

Grand Total: 116 creatures vanquished

Notes
Turn   | Place    | Note
-------+----------+-------------------------------------------
     0 | D:1      | Lanoc the Demigod Conjurer began the quest for the Orb.
     0 | D:1      | Reached XP level 1. HP: 14/14 MP: 5/5
   309 | D:1      | Reached XP level 2. HP: 16/20 MP: 0/7
   425 | D:1      | Learned a level 2 spell: Searing Ray
   788 | D:1      | Reached skill level 4 in Conjurations
  1108 | D:2      | Reached XP level 3. HP: 22/26 MP: 1/9
  1129 | D:2      | Noticed Terence
  1200 | D:2      | HP: 1/26 [Terence/hand axe (8)]
  1201 | D:2      | Killed Terence
  1556 | D:2      | Found a shimmering altar of Xom.
  1605 | D:2      | Reached XP level 4. HP: 33/33 MP: 4/10
  1895 | D:2      | Found a runed door.
  2147 | D:2      | Noticed Crazy Yiuf
  2152 | D:2      | Killed Crazy Yiuf
  2152 | D:2      | Reached XP level 5. HP: 38/38 MP: 6/12
  2176 | D:2      | Learned a level 4 spell: Force Lance
  2269 | D:3      | Reached skill level 5 in Conjurations
  2483 | D:3      | Found an ancient bone altar of Kikubaaqudgha.
  2483 | D:3      | Noticed a human
  2486 | D:3      | Killed a human
  3185 | D:4      | Noticed an ogre
  3199 | D:4      | Killed an ogre
  3199 | D:4      | Reached XP level 6. HP: 40/45 MP: 7/14
  3475 | D:4      | Noticed Sigmund
  3488 | D:4      | Killed Sigmund
  3676 | D:4      | Reached skill level 6 in Conjurations
  3784 | D:4      | Reached XP level 7. HP: 49/50 MP: 16/16
  3967 | D:5      | Entered Level 5 of the Dungeon
  4306 | D:5      | Found a shattered altar of Ashenzari.
  4725 | D:5      | Reached skill level 5 in Spellcasting
  4766 | D:5      | Noticed Dowan
  4773 | D:5      | Noticed Duvessa
  4775 | D:5      | Killed Dowan
  4784 | D:5      | Mangled by Duvessa

Skill      XL: |  1  2  3  4  5  6  7 |
---------------+----------------------+-----
Spellcasting   | 2 3 4 5 |  5.0
Dodging        | 2 3 4 |  4.1
Conjurations   | 4 5 6 |  6.6
Stealth        | |  1.7

Action                   |  1- 3 |  4- 6 |  7- 9 || total
-------------------------+-------+-------+-------++-------
Melee: Unarmed           |    25 |       |       ||    25
       Rapier            |     1 |    41 |       ||    42
       Quarterstaff      |       |    75 |    33 ||   108
 Cast: Magic Dart        |    40 |     2 |     2 ||    44
       Searing Ray       |     6 |    12 |    12 ||    30
  Use: Potion            |       |     1 |       ||     1
       Scroll            |       |     7 |     1 ||     8
 Stab: Sleeping          |       |     6 |       ||     6
  Eat: Chunk             |     3 |     7 |     3 ||    13
Armor: Robe              |     5 |    29 |     8 ||    42
Dodge: Dodged            |    26 |    99 |    29 ||   154
